 Dungeon Crawl Stone Soup version 0.31-a0-217-g58bb5d79cf (webtiles) character file.

Game seed: 6693660455446184207

120 qw the Chopper (level 5, -2/32 HPs)
             Began as a Gargoyle Fighter on July 2, 2023.
             Slain by an ogre
             ... wielding a +0 giant spiked club
              (14 damage)
             ... on level 4 of the Dungeon.
             The game lasted 00:01:33 (2730 turns).

qw the Chopper (Gargoyle Fighter)                   Turns: 2730, Time: 00:01:34

Health: -2/32      AC: 16    Str: 22    XL:     5   Next: 4%
Magic:  5/5        EV:  8    Int:  8    God:
Gold:   23         SH:  4    Dex:  9    Spells: 4/4 levels left

rFire   . . .        Y - +3 hand axe (flame)
rCold   . . .        c - +0 buckler
rNeg    + . .        o - +0 chain mail
rPois   inf          l - +0 helmet
rElec   +            g - +0 cloak
rCorr   .            i - +0 pair of gloves
SInv    .            (no boots)
Will    .....        (no amulet) Stlth
                     (no ring)
HPRegen 0.25/turn    (no ring)
MPRegen 0.09/turn

%: no passive effects
@: no status effects
A: sickness immunity, AC +4, negative energy resistance 1, electricity
resistance, torment resistance 1, petrification resistance
a: no special abilities


You were on level 4 of the Dungeon.
You visited 1 branch of the dungeon, and saw 4 of its levels.

You collected 133 gold pieces.
You spent 110 gold pieces at shops.


Innate Abilities, Weirdness & Mutations

You are immune to sickness and miasma.
Your stone body is resilient. (AC +4)
You are immune to poison.
You resist negative energy. (rN+)
You are resistant to electric shocks. (rElec)
You are resistant to unholy torment.
You are immune to petrification.


   Skills:
 - Level 3.2 Fighting
 + Level 4.6 Axes
 - Level 3.2 Armour
 - Level 3.2 Shields


You had 4 spell levels left.
You didn't know any spells.
Your spell library was empty.

Inventory:

Hand Weapons
 a - a +0 war axe
 Y - a +3 hand axe of flaming (weapon)
Armour
 c - a +0 buckler (worn)
 g - a +0 cloak (worn)
 i - a +0 pair of gloves (worn)
 l - a +0 helmet (worn)
 o - a +0 chain mail (worn)
Scrolls
 e - 5 scrolls of teleportation
 p - a scroll of identify
Potions
 d - 2 potions of might
 h - a potion of enlightenment
 j - a potion of heal wounds
 k - a potion of curing

Dungeon Overview and Level Annotations

Branches:
Dungeon (4/15)
 Temple: D:4-7

Altars:
Fedhas
Trog

Shops:
D:3 ?


Message History

You hit the orc. You burn the orc.
The orc is heavily wounded.
The orc hits you with a +0 hand axe.
You slash the orc! You burn the orc.
You kill the orc!
You have reached level 5!
You start resting.
HP restored.
An orc comes into view. It is wielding a +0 flail.
You slash the orc! You burn the orc.
You kill the orc!
Things that are here:
a +0 flail; a +0 leather armour; an orc corpse A hobgoblin comes into view.
Found a stone staircase leading up.
You barely miss the hobgoblin.
The hobgoblin hits you but does no damage.
You hit the hobgoblin. You burn the hobgoblin.
The hobgoblin is heavily wounded.
You block the hobgoblin's attack.
You closely miss the hobgoblin.
The hobgoblin is heavily wounded.
The hobgoblin hits you but does no damage.
You slash the hobgoblin! You burn the hobgoblin.
You kill the hobgoblin!
Found a robe.
You see here a +0 robe.
You see here a +0 hand axe.
An ogre comes into view. It is wielding a +0 giant spiked club.
The ogre shouts!
You slash the ogre! You burn the ogre.
The ogre is heavily wounded.
The ogre hits you with a +0 giant spiked club!
You slash the ogre! You burn the ogre.
The ogre is severely wounded.
The ogre hits you with a +0 giant spiked club!
You barely miss the ogre.
The ogre is severely wounded.
The ogre hits you with a +0 giant spiked club!
You die...

. #.##.#.# #.##.#.#
#.##.#.# #)#..#.#
#...##.#
#######.##.#
........##.#
.#############.##.#
......O@..#.....#.#
.########.#.##..#.#
#<.............#.#
########)#.......#
#.#.....###
###.#.#######
#...........#
#.#.......#.#
#.###.###.#.#


You could see an ogre.

Vanquished Creatures
  2 adders (D:2)
  4 worms
  4 dart slugs
  2 orcs (D:4)
  6 ball pythons
  5 endoplasms
  4 giant cockroaches
  8 goblins
  4 hobgoblins
  6 jackals
  8 kobolds
  A quokka (D:2)
  8 bats
  7 frilled lizards
  7 rats
76 creatures vanquished.

Notes
Turn   | Place    | Note
-------+----------+-------------------------------------------
     0 | D:1      | qw the Gargoyle Fighter began the quest for the Orb.
     0 | D:1      | Reached XP level 1. HP: 14/14 MP: 1/1
     0 | D:1      | 0 ||| qw: Version: 0.3-a-40-ge99b1a8
     0 | D:1      | 0 ||| qw: Game counter: 202
     0 | D:1      | 0 ||| qw: Melee chars always use a shield: true
     0 | D:1      | 0 ||| qw: God list: Okawaru
     0 | D:1      | 0 ||| qw: Allow faded altars: false
     0 | D:1      | 0 ||| qw: Do Orc after clearing Dungeon:15 true
     0 | D:1      | 0 ||| qw: Do second Lair branch before Depths: true
     0 | D:1      | 0 ||| qw: Lair rune preference: random
     0 | D:1      | 0 ||| qw: Goals: Normal, Zot:1-4, Slime:5, God:TSO, Crypt,
                  | Tomb, Abyss, Pan, Hells, Win
     0 | D:1      | 0 ||| PLANNING D:1-11
    55 | D:1      | Reached skill level 2 in Axes
   132 | D:1      | Reached XP level 2. HP: 16/19 MP: 2/2
   352 | D:1      | 352 ||| Stepping ~*~*~tactically~*~*~ (hiding).
   468 | D:1      | 468 ||| Stepping ~*~*~tactically~*~*~ (hiding).
   469 | D:1      | 469 ||| Stepping ~*~*~tactically~*~*~ (hiding).
   483 | D:1      | Reached skill level 3 in Axes
   490 | D:1      | Reached XP level 3. HP: 23/23 MP: 3/3
   495 | D:1      | 495 ||| Stepping ~*~*~tactically~*~*~ (stealth).
   497 | D:1      | 497 ||| Stepping ~*~*~tactically~*~*~ (stealth).
   592 | D:1      | 592 ||| SWAPPING to +2 hand axe of flaming.
   593 | D:1      | 593 ||| DROPPING +0 club.
   874 | D:1      | 874 ||| UPGRADING to +0 pair of gloves.
   879 | D:1      | 879 ||| READING scroll labelled HIDI RUCUNGIDD.
   880 | D:1      | 880 ||| READING scroll labelled KOPTER PUKLEPN.
   881 | D:1      | 881 ||| READING scroll labelled TORESH VO MA ODI.
   882 | D:1      | 882 ||| READING scroll labelled FEFAECS SUKO.
   883 | D:1      | 883 ||| READING scroll labelled KOHIAVUNTAH.
   888 | D:1      | 888 ||| READING scroll labelled ITAUJE SUBLUGE.
   962 | D:2      | 962 ||| Stepping ~*~*~tactically~*~*~ (stealth).
  1021 | D:2      | 1021 ||| Stepping ~*~*~tactically~*~*~ (stealth).
  1022 | D:2      | 1022 ||| Stepping ~*~*~tactically~*~*~ (stealth).
  1060 | D:2      | 1060 ||| Stepping ~*~*~tactically~*~*~ (stealth).
  1061 | D:2      | 1061 ||| Stepping ~*~*~tactically~*~*~ (stealth).
  1099 | D:2      | Reached XP level 4. HP: 28/28 MP: 4/4
  1275 | D:2      | Identified the +5 dagger of Gluttony {flame, rC+ rN++
                  | Str-2}
  1282 | D:2      | Reached skill level 4 in Axes
  1314 | D:2      | 1314 ||| Stepping ~*~*~tactically~*~*~ (hiding).
  1424 | D:2      | Found a bloodstained altar of Trog.
  1619 | D:2      | 1619 ||| UPGRADING to +0 cloak.
  1624 | D:2      | 1624 ||| UPGRADING to +0 helmet.
  1629 | D:2      | 1629 ||| READING scroll labelled DETICWAISO.
  1815 | D:3      | 1815 ||| Stepping ~*~*~tactically~*~*~ (hiding).
  1982 | D:3      | Found a blossoming altar of Fedhas.
  1992 | D:3      | Found a bloodstained altar of Trog.
  2001 | D:3      | 2001 ||| Stepping ~*~*~tactically~*~*~ (stealth).
  2192 | D:3      | Found a faded altar of an unknown god.
  2277 | D:3      | Found Bohuvyl's Magic Scroll Shoppe.
  2280 | D:3      | 2280 ||| SHOPLISTING 2 scrolls of enchant weapon (165 gold,
                  | have 125).
  2280 | D:3      | 2280 ||| BUYING 2 scrolls of teleportation (66 gold).
  2280 | D:3      | Bought 2 scrolls of teleportation for 66 gold pieces
  2280 | D:3      | 2280 ||| BUYING scroll of identify (22 gold).
  2280 | D:3      | Bought a scroll of identify for 22 gold pieces
  2280 | D:3      | 2280 ||| BUYING scroll of identify (22 gold).
  2280 | D:3      | Bought a scroll of identify for 22 gold pieces
  2280 | D:3      | 2280 ||| SHOPLISTING scroll of teleportation (33 gold, have
                  | 15).
  2552 | D:3      | 2552 ||| UPGRADING to +0 chain mail.
  2562 | D:3      | 2562 ||| DROPPING +0 scale mail.
  2563 | D:3      | 2563 ||| READING scroll labelled GIQET LAMAS.
  2564 | D:3      | 2564 ||| DRINKING 2 bubbling pink potions.
  2572 | D:3      | 2572 ||| DRINKING 2 bubbling black potions.
  2573 | D:3      | 2573 ||| READING 4 scrolls of identify.
  2573 | D:3      | 2573 ||| IDENTIFYING golden potion
  2574 | D:3      | 2574 ||| READING 3 scrolls of identify.
  2574 | D:3      | 2574 ||| IDENTIFYING bubbling ruby potion
  2575 | D:3      | 2575 ||| READING 2 scrolls of identify.
  2575 | D:3      | 2575 ||| IDENTIFYING smoky dark potion
  2576 | D:3      | 2576 ||| DROPPING potion of ambrosia.
  2577 | D:3      | 2577 ||| DROPPING potion of brilliance.
  2609 | D:4      | Reached XP level 5. HP: 31/32 MP: 5/5
  2722 | D:4      | Noticed an ogre
  2730 | D:4      | Slain by an ogre

Levels and vault maps discovered:
D:1:      dpeg_arrival_line_fractal, layout_basic, minmay_stone_trees_small
D:2:      layout_rooms, basic_altar, hangedman_decor_peaks_small, minivault_11,
          minmay_pentomino_w2
D:3:      layout_basic, amethyst_overflow_temple_binary,
          ebering_ecumenical_altar_petrified, serial_shops,
          nicolae_shop_rolled_up, st_stairs_8
D:4:      layout_basic, lemuel_temple_firewalk_a

Skill      XL: |  1  2  3  4 |
---------------+-------------+-----
Axes           | 2 3 4 |  4.6
Fighting       | |  3.2
Armour         | |  3.2
Shields        | |  3.2

Action                     |  1- 3 |  4- 6 || total
---------------------------+-------+-------++-------
  Melee: War axe           |    70 |       ||    70
         Hand axe          |    29 |   107 ||   136
    Use: Scroll            |     6 |     5 ||    11
         Potion            |       |     2 ||     2
 Armour: Scale mail        |    46 |    42 ||    88
         Chain mail        |       |     2 ||     2
  Dodge: Dodged            |    37 |    25 ||    62
  Block: Buckler           |    17 |    12 ||    29

Table legend:
 A = Non-vault XP
 B = Vault XP
 C = Vault XP percentage of total XP
 D = Non-vault monster count
 E = Vault monster count
 F = Vault count percentage of total count
                 A         B        C        D         E       F
            +---------+---------+-------+---------+---------+-------
      Total |     166 |       6 |   3.5 |      72 |       4 |   5.3
            +---------+---------+-------+---------+---------+-------
        D:1 |      50 |       0 |   0.0 |      28 |       0 |   0.0
        D:2 |      72 |       3 |   4.0 |      24 |       2 |   7.7
        D:3 |      36 |       3 |   7.7 |      17 |       2 |  10.5
        D:4 |       8 |       0 |   0.0 |       3 |       0 |   0.0
            +---------+---------+-------+---------+---------+-------
